 Dungeon Sprint DCSS version 0.30-a0-122-g2a1322497e (webtiles) character file.

Game seed: 2753053384995607616

545 rocky1 the Fighter (level 7, 0/81 HPs)
             Began as an Ogre Gladiator on Sept 16, 2022.
             Was a Believer of Okawaru.
             Slain by an orc warrior
             ... wielding a +0 halberd
              (9 damage)
             ... in the Dungeon (Sprint VII: "The Pits").
             The game lasted 00:02:10 (1489 turns).

rocky1 the Fighter (Ogre Gladiator)                 Turns: 1489, Time: 00:02:10

Health: 0/81       AC: 10    Str: 21    XL:     7   Next: 27%
Magic:  11/11      EV: 11    Int:  9    God:    Okawaru [**....]
Gold:   0          SH:  0    Dex: 10    Spells: 6/6 levels left

rFire   . . .      SeeInvis .    n - +0 mace (protect)
rCold   . . .      Faith    .    (no shield)
rNeg    . . .      Spirit   .    b - +0 robe
rPois   .          Reflect  .    c - +0 hat
rElec   .          Harm     .    (no cloak)
rCorr   .          Rampage  .    (gloves unavailable)
Will    .....      NoTele   +    (boots unavailable)
Stlth   +.........               (no amulet)
HPRegen 0.23/turn                (no ring)
MPRegen 0.12/turn                (no ring)

@: under a protective aura, on berserk cooldown, slowed, invisible, very slow
A: large, unfitting armour, tough skin 1
a: Renounce Religion, Heroism


You were in the Dungeon.
You worshipped Okawaru.
Okawaru was pleased with you.
You visited 1 branch

Inventory:

Hand Weapons
 a - a +0 flail
 n - a +0 mace of protection (weapon)
 o - a +1 vorpal hand axe
Missiles
 d - 3 throwing nets (quivered)
 e - a large rock
Armour
 b - a +0 robe (worn)
 c - a +0 hat (worn)
Scrolls
 k - a scroll of blinking
 m - 5 scrolls of amnesia
Potions
 f - 6 potions of curing
 g - 3 potions of heal wounds
 h - a potion of haste
 i - 4 potions of magic
 l - a potion of invisibility


   Skills:
 + Level 8.5 Fighting
 + Level 6.2 Maces & Flails
 + Level 6.6 Throwing
 + Level 5.1 Armour
 + Level 6.2 Dodging
 + Level 6.6 Invocations


You had 6 spell levels left.
You didn't know any spells.
Your spell library was empty.

Dungeon Overview and Level Annotations

Branches:
Dungeon (1/1)

Altars:
Ashenzari
Cheibriados
Dithmenos
Elyvilon
Fedhas
Gozag
Hepliaklqana
Kikubaaqudgha
Makhleb
Nemelex Xobeh
Okawaru
Qazlal
Ru
Sif Muna
Trog
Uskayaw
Vehumet
Wu Jian
Xom
Yredelemnul
Zin
The Shining One
Jiyva
Lugonu


Innate Abilities, Weirdness & Mutations

You are too large for most types of armour.
You have tough skin. (AC +1)


Message History

The basilisk misses you.
You sock the basilisk!
You kill the basilisk!
Okawaru accepts your kill.
Your Fighting skill increases to level 8!
Your Maces & Flails skill increases to level 6!
Your Armour skill increases to level 5!
Your Dodging skill increases to level 6!
You have reached level 7!
The door flies open with a bang!
You feel a strong urge to attack something.
A jelly, a gnoll, an orc warrior and an orc come into view.
The jelly quivers.
The orc warrior shouts!
The orc shouts!
You are no longer berserk.
You are exhausted.
You feel yourself slow down.
There is an open door here.
You closely miss the orc warrior.
The orc warrior hits you with a +0 halberd.
* * * LOW HITPOINT WARNING * * *
You hit the orc warrior but do no damage.
The orc warrior closely misses you.
You hit the orc warrior.
The orc warrior is moderately wounded.
The orc warrior hits you with a +0 halberd!
* * * LOW HITPOINT WARNING * * *
The orc warrior barely misses you.
You hit the orc warrior but do no damage.
The orc warrior is moderately wounded.
The orc warrior hits you but does no damage.
The orc warrior closely misses you.
Unknown command.
You feel much better.
The orc warrior hits you with a +0 halberd!
* * * LOW HITPOINT WARNING * * *
You fade into invisibility!
The orc warrior barely misses you.
The orc warrior hits you with a +0 halberd!
You die...

#.#[[###'####.......#
#)##'#.....##...<...#
#)#........##.......#
#.#........##.......#
#'###########.......#
#.......#Jg #########
#...#...#o#
#...#...#o#
#.##.##.#@#
#...#...#.+
#...#...#'#
#.......'.#
###########


You could see an orc warrior (unable to see you), a jelly, a gnoll (unable to
see you) and an orc (unable to see you).

Vanquished Creatures
  A flying skull (D)
  A basilisk (D)
  A quasit (D)
  4 orc priests (D)
  An iron imp (D)
  An orc wizard (D)
  A gnoll (D)
  An adder (D)
  An ufetubus (D)
  2 orcs (D)
  A bat zombie (D)
  3 jackals (D)
  2 kobolds (D)
  A quokka (D)
  2 frilled lizards (D)
  A rat (D)
24 creatures vanquished.

Notes
Turn   | Place    | Note
-------+----------+-------------------------------------------
     0 | D        | rocky1 the Ogre Gladiator began the quest for the Orb.
     0 | D        | Reached XP level 1. HP: 22/22 MP: 1/1
    38 | D        | Found a bloodstained altar of Trog.
    38 | D        | Found a shimmering blue altar of Sif Muna.
    38 | D        | Found a viscous altar of Jiyva.
    38 | D        | Found a hazy altar of Hepliaklqana.
    38 | D        | Found an opulent altar of Gozag.
    39 | D        | Found a glowing golden altar of the Shining One.
    39 | D        | Found a glowing silver altar of Zin.
    39 | D        | Found a basalt altar of Yredelemnul.
    39 | D        | Found a shimmering altar of Xom.
    39 | D        | Found an ornate altar of the Wu Jian Council.
    39 | D        | Found a sacrificial altar of Ru.
    39 | D        | Found a stormy altar of Qazlal.
    39 | D        | Found an iron altar of Okawaru.
    39 | D        | Found a sparkling altar of Nemelex Xobeh.
    39 | D        | Found a burning altar of Makhleb.
    39 | D        | Found a blossoming altar of Fedhas.
    39 | D        | Found a white marble altar of Elyvilon.
    39 | D        | Found a shadowy altar of Dithmenos.
    39 | D        | Found a snail-covered altar of Cheibriados.
    42 | D        | Found a corrupted altar of Lugonu.
    42 | D        | Found a radiant altar of Vehumet.
    43 | D        | Found an ancient bone altar of Kikubaaqudgha.
    43 | D        | Found a hide-covered altar of Uskayaw.
    43 | D        | Found a broken altar of Ashenzari.
    47 | D        | Became a worshipper of Warmaster Okawaru
    89 | D        | Reached skill level 3 in Fighting
   163 | D        | Reached skill level 1 in Armour
   163 | D        | Reached skill level 1 in Invocations
   163 | D        | Reached XP level 2. HP: 8/31 MP: 1/3
   637 | D        | Reached skill level 4 in Fighting
   637 | D        | Reached XP level 3. HP: 26/39 MP: 4/4
   643 | D        | Reached * piety under Okawaru
   644 | D        | Reached skill level 5 in Fighting
   644 | D        | Reached XP level 4. HP: 12/50 MP: 4/6
   983 | D        | Noticed a flying skull
  1000 | D        | Killed a flying skull
  1000 | D        | Reached ** piety under Okawaru
  1001 | D        | Reached skill level 6 in Fighting
  1001 | D        | Reached skill level 5 in Maces & Flails
  1001 | D        | Reached skill level 5 in Throwing
  1001 | D        | Reached skill level 5 in Dodging
  1001 | D        | Reached skill level 5 in Invocations
  1001 | D        | Reached XP level 5. HP: 61/61 MP: 6/8
  1001 | D        | Reached XP level 6. HP: 68/68 MP: 6/9
  1003 | D        | Reached skill level 7 in Fighting
  1445 | D        | Noticed a basilisk
  1480 | D        | Killed a basilisk
  1481 | D        | Reached skill level 8 in Fighting
  1481 | D        | Reached skill level 5 in Armour
  1481 | D        | Reached XP level 7. HP: 28/81 MP: 11/11
  1489 | D        | Slain by an orc warrior

Illustrated notes

Levels and vault maps discovered:
D:        pitsprint [storerooms_1, entrance_room_1, metal_vault_3, armoury_1,
          mini_pit_1, grid_room_1, main_hall_1, silver_pit, the_coven_1,
          the_vestibule_1, steel_vault_5, golden_pit, hallway_of_sentries,
          crystal_vault_6, iron_vault_5, final_vault]

Skill      XL: |  1  2  3  4  5  6 |
---------------+-------------------+-----
Fighting       | 3 4 5 6 8 |  8.5
Maces & Flails | 3 4 5 6 |  6.2
Armour         | 1 2 4 5 |  5.1
Dodging        | 3 4 5 6 |  6.2
Invocations    | 1 2 3 5 6 |  6.6
Throwing       | 3 4 5 6 |  6.6

Action                   |  1- 3 |  4- 6 |  7- 9 || total
-------------------------+-------+-------+-------++-------
Melee: Flail             |    40 |     1 |       ||    41
       Mace              |       |    78 |     4 ||    82
  Use: Potion            |     2 |     3 |     2 ||     7
Armor: Robe              |    13 |    39 |     1 ||    53
Dodge: Dodged            |    26 |    41 |     4 ||    71

Table legend: (Time is in decaauts)
 A = Elapsed time spent in this place.
 B = Non-inter-level travel time spent in this place.
 C = Inter-level travel time spent in this place.
 D = Time resting spent in this place.
 E = Time spent auto-exploring this place.
 F = Levels seen in this place.
 G = Mean time per level.
                   A        B        C        D        E       F      G
               +--------+--------+--------+--------+--------+-----+--------+
         Total |   1526 |   1507 |     19 |   1153 |      0 |   1 | 1526.0 |
       Dungeon |   1526 |   1507 |     19 |   1153 |      0 |   1 | 1526.0 |
               +--------+--------+--------+--------+--------+-----+--------+

Top non-repeatable levels by time:
       D: 1526 daAuts
